 Dungeon Crawl Stone Soup version 0.19-a0-1731-g1e0734d (webtiles) character file.

12866 Naow the Severer (level 11, -1/84 HPs)
             Began as a Minotaur Berserker on Sept 30, 2016.
             Was a High Priest of Trog.
             Slain by a freezing wraith (6 damage)
             ... led by a death knight
             ... on level 12 of the Dungeon.
             The game lasted 00:25:44 (9059 turns).

Naow the Severer (Minotaur Berserker)               Turns: 9059, Time: 00:25:45

Health: -1/84      AC: 11    Str: 21    XL:     11   Next: 68%
Magic:  10/10      EV: 18    Int:  7    God:    Trog [*****.]
Gold:   622        SH:  0    Dex: 11    Spells: 0 memorised, 10 levels left

rFire  + + .     SeeInvis +     V - +5 executioner's axe (freeze)
rCold  . . .     Gourm    .     b - +4 robe "Kaoleha" {rF++ Slay+3}
rNeg   . . .     Faith    .     (shield currently unavailable)
rPois  .         Spirit   .     (helmet restricted)
rElec  .         Dismiss  .     v - +2 cloak {+Inv}
rCorr  .         Reflect  .     I - +0 pair of gloves
MR     ++...     Harm     .     (no boots)
Stlth  +.........               (no amulet)
                                (no ring)
                                i - ring of see invisible

@: regenerating
A: retaliatory headbutt, horns 2
a: Berserk, Trog's Hand, Brothers in Arms, Burn Spellbooks, Renounce Religion,
Evoke Invisibility


You were on level 12 of the Dungeon.
You worshipped Trog.
Trog was extremely pleased with you.
You were hungry.

You visited 2 branches of the dungeon, and saw 13 of its levels.

You collected 622 gold pieces.

Inventory:

Hand Weapons
 a - a +0 hand axe
 O - a +2 antimagic battleaxe
 V - a +5 executioner's axe of freezing (weapon)
Armour
 b - the +4 robe "Kaoleha" (worn) {rF++ Slay+3}
   (You found it on level 7 of the Dungeon)

   It affects your accuracy and damage with ranged weapons and melee attacks
   (+3).
   It greatly protects you from fire.
 k - a +4 ring mail
 q - the +2 ring mail of Greater Demons {Str+6 Dex-5}
   (You found it on level 7 of the Dungeon)

   It affects your strength (+6).
   It affects your dexterity (-5).
 v - a +2 cloak of invisibility (worn)
 A - the +1 leather armour "Taweir" {-Tele rElec SInv}
   (You found it on level 5 of the Dungeon)

   It insulates you from electricity.
   It lets you see invisible.
   It prevents most forms of teleportation.
 D - a +0 plate armour
 H - a +2 cloak
 I - a +0 pair of gloves (worn)
Jewellery
 i - a ring of see invisible (left hand)
 R - an uncursed ring of magical power {unknown}
Wands
 N - a wand of iceblast (9/15)
 P - a wand of paralysis (9/24)
 Q - a wand of hasting (0/9)
 T - a wand of iceblast (7/15)
Scrolls
 d - 2 scrolls of enchant armour
 e - a scroll of remove curse
 f - 6 scrolls of teleportation
 h - 2 scrolls of recharging {unknown}
 j - 3 scrolls of amnesia
 n - 2 scrolls of random uselessness {unknown}
 p - a scroll of noise {unknown}
 r - 10 scrolls of identify {unknown}
 y - a scroll of blinking
 U - a scroll of immolation {unknown}
Potions
 g - 3 potions of might {unknown}
 l - 8 potions of curing
 m - 6 potions of flight {unknown}
 o - a potion of brilliance {unknown}
 s - 3 potions of heal wounds {unknown}
 t - a potion of berserk rage {unknown}
 u - 2 potions of mutation {unknown}
 w - a potion of ambrosia {unknown}
 z - 2 potions of cure mutation {unknown}
 B - a potion of degeneration {unknown}
 F - 2 potions of agility {unknown}
 K - a potion of beneficial mutation {unknown}
Books
 C - a book of Air

   Spells                             Type                      Level
   a - Shock                          Conjuration/Air              1
   b - Swiftness                      Charms/Air                   2
   c - Repel Missiles                 Charms/Air                   2
   d - Static Discharge               Conjuration/Air              3
   e - Lightning Bolt                 Conjuration/Air              5
   Trog disapproves of the use of such an item.
 E - a book of Conjurations

   Spells                             Type                      Level
   a - Magic Dart                     Conjuration                  1
   b - Searing Ray                    Conjuration                  2
   c - Dazzling Spray                 Conjuration/Hexes            3
   d - Fulminant Prism                Conjuration/Hexes            4
   e - Iskenderun's Mystic Blast      Conjuration                  4
   f - Iskenderun's Battlesphere      Conjuration/Charms           5
   Trog disapproves of the use of such an item.
 J - a book of Misfortune

   Spells                             Type                      Level
   a - Confusing Touch                Hexes                        1
   b - Confuse                        Hexes                        3
   c - Gell's Gravitas                Hexes/Translocation          3
   d - Petrify                        Transmutation/Earth          4
   e - Metabolic Englaciation         Hexes/Ice                    5
   f - Yara's Violent Unravelling     Hexes/Transmutation          5
   Trog disapproves of the use of such an item.
Comestibles
 c - 8 bread rations
 x - 3 meat rations
 G - 2 fruits
 L - 8 royal jellies
 M - 7 beef jerkies
 S - 6 chunks of flesh


   Skills:
 - Level 4.2 Fighting
 - Level 16.1 Axes
 - Level 7.9 Armour
 + Level 11.7 Dodging


You had 10 spell levels left.
You didn't know any spells.

Dungeon Overview and Level Annotations

Branches:
Dungeon (13/15)            Temple (1/1) D:6            Lair (0/6) D:9
    Orc (0/2) D:9
 Vaults: D:13-14

Altars:
Makhleb
Nemelex Xobeh

Shops:
D:6 }


Innate Abilities, Weirdness & Mutations

You reflexively headbutt those who attack you in melee.
You have a pair of horns on your head.


Message History

The freezing wraith moves out of view.
A phantasmal warrior comes into view.
There is an open door here.
A phantasmal warrior is nearby!
The phantasmal warrior blinks!
The phantasmal warrior blinks!
Your skin crawls.
You feel resistant to hostile enchantments.
You are feeling hungry.
The freezing wraith hits you. The freezing wraith freezes you!
The freezing wraith hits you!
The phantasmal warrior blinks!
You hit the freezing wraith.
Your headbutt misses the freezing wraith.
The freezing wraith is lightly damaged.
The freezing wraith hits you! The freezing wraith freezes you!
* * * LOW HITPOINT WARNING * * *
The freezing wraith hits you!
* * * LOW HITPOINT WARNING * * *
The freezing wraith hits you.
You die...

######'#..'.....?.
#......#..#..>......
#......#..#.........
###......#..#(........
#.#)..W..#..#.........
#.')..#'##..#.........
#)#...#.....#.........
#.#...#.#'###.........
##.#...###.@W...########
#..##### #.#..#.'......#
#..# #.#.ยง#.#......#
#######
#......####'####+# ..
#########........#
.###.# #.#...##.#
+#######.....#
###........#
...<..........
#.......##### #
#..#.....#..#.#
#.....#.#....


You could see a phantasmal warrior and a freezing wraith.

Vanquished Creatures
  A centaur warrior (D:13)
  2 tengu warriors (D:9)
  The ghost of clown the Carver, a novice HEGl of Dithmenos (D:10)
  An unseen horror (D:12)
  A hill giant (D:12)
  The ghost of Naow the Cleaver, a novice MiBe of Trog (D:6)
  A gargoyle (D:12)
  The ghost of Naow the Cleaver, an amateur MiBe of Trog (D:4)
  A meliai (shapeshifter) (D:9)
  A two-headed ogre (D:12)
  5 hippogriffs
  2 vampire mosquitoes (D:13)
  2 hungry ghosts
  A soldier ant (D:8)
  3 ice beasts
  3 sky beasts (D:8)
  2 black bears
  7 orc warriors
  2 wasps (D:8)
  2 phantoms
  6 ogres
  2 centaurs (D:9)
  2 crocodiles
  3 big kobolds (D:9)
  8 bullfrogs
  A gnoll sergeant (D:6)
  A wyvern skeleton (D:13)
  A scorpion (D:5)
  15 wights
  9 crimson imps
  4 centaur zombies
  2 bullfrog skeletons
  3 hounds
  3 jellies
  A bullfrog zombie (D:7)
  6 orc priests
  12 orc wizards
  A centaur skeleton (D:6)
  Terence (D:2)
  3 iguanas
  9 worker ants
  3 hound skeletons
  A howler monkey zombie (D:6)
  4 gnolls (D:6)
  12 adders
  2 shadow imps
  2 adder zombies
  4 worms
  5 dart slugs
  7 leopard geckos
  57 orcs
  10 bats
  4 giant cockroaches
  A goblin (D:2)
  6 hobgoblins
  9 jackals
  16 kobolds
  5 quokkas
  6 frilled lizards
  A leopard gecko zombie (D:5)
  A quokka skeleton (D:4)
  A quokka zombie (D:9)
  3 rats
293 creatures vanquished.

Notes
Turn   | Place    | Note
-------+----------+-------------------------------------------
     0 | D:1      | Naow the Minotaur Berserker began the quest for the Orb.
     0 | D:1      | Reached XP level 1. HP: 19/19 MP: 0/0
     3 | D:1      | Noticed an electric eel
     3 | D:1      | Noticed an electric eel
   139 | D:1      | Reached XP level 2. HP: 23/27 MP: 1/1
   432 | D:2      | Reached skill level 4 in Axes
   549 | D:2      | Reached XP level 3. HP: 33/33 MP: 2/2
   873 | D:2      | Noticed Terence
   883 | D:2      | Killed Terence
   883 | D:2      | Reached skill level 5 in Axes
   883 | D:2      | Reached XP level 4. HP: 23/40 MP: 3/3
   925 | D:2      | Reached ** piety under Trog
  1096 | D:3      | Found a faded altar of an unknown god.
  1106 | D:3      | Reached skill level 6 in Axes
  1232 | D:3      | Reached XP level 5. HP: 44/46 MP: 4/4
  1563 | D:3      | Noticed an ogre
  1567 | D:3      | Killed an ogre
  1567 | D:3      | Reached skill level 7 in Axes
  1695 | D:3      | Reached XP level 6. HP: 48/52 MP: 5/5
  1817 | D:4      | Found a sparkling altar of Nemelex Xobeh.
  2092 | D:4      | Reached skill level 8 in Axes
  2160 | D:4      | Reached *** piety under Trog
  2160 | D:4      | Reached skill level 9 in Axes
  2338 | D:4      | Reached XP level 7. HP: 53/59 MP: 6/6
  2411 | D:4      | Noticed Naow's ghost (amateur MiBe)
  2422 | D:4      | Killed Naow's ghost
  2422 | D:4      | Reached skill level 10 in Axes
  2482 | D:4      | Noticed a hippogriff
  2504 | D:4      | Killed a hippogriff
  2504 | D:4      | Reached skill level 11 in Axes
  3003 | D:5      | Entered Level 5 of the Dungeon
  3006 | D:5      | Found a burning altar of Makhleb.
  3028 | D:5      | Reached XP level 8. HP: 56/66 MP: 7/7
  3540 | D:5      | Got an opal-encrusted leather armour
  3618 | D:5      | Identified the cursed +1 leather armour "Taweir" {-Tele rElec SInv} (You found it on level 5 of the Dungeon)
  3693 | D:5      | Reached skill level 12 in Axes
  4105 | D:6      | Found a staircase to the Ecumenical Temple.
  4160 | D:6      | Noticed Naow's ghost (novice MiBe)
  4168 | Temple   | Entered the Ecumenical Temple
  4321 | D:6      | Reached skill level 13 in Axes
  4323 | D:6      | Killed Naow's ghost
  4323 | D:6      | Reached XP level 9. HP: 66/71 MP: 8/8
  4391 | D:6      | Reached skill level 14 in Axes
  4714 | D:6      | Found Nihara's Gadget Shop.
  4923 | D:6      | Reached skill level 15 in Axes
  4960 | D:6      | Reached **** piety under Trog
  5599 | D:7      | Got a dazzling ring mail
  5694 | D:7      | Reached skill level 16 in Axes
  5965 | D:7      | Reached XP level 10. HP: 79/79 MP: 9/9
  6189 | D:7      | Got a ripped robe
  6326 | D:8      | Reached ***** piety under Trog
  6339 | D:8      | Reached skill level 5 in Armour
  6963 | D:8      | Identified the +4 robe "Kaoleha" {rF++ Slay+3} (You found it on level 7 of the Dungeon)
  6973 | D:8      | Identified the +2 ring mail of Greater Demons {Str+6 Dex-5} (You found it on level 7 of the Dungeon)
  7201 | D:9      | Received a gift from Trog
  7486 | D:9      | Found a staircase to the Orcish Mines.
  7525 | D:9      | Reached skill level 5 in Dodging
  7644 | D:9      | Noticed a tengu warrior
  7644 | D:9      | Noticed a tengu warrior
  7656 | D:9      | HP: 5/118 [tengu warrior/battleaxe[a tengu warrior] (8)]
  7657 | D:9      | Killed a tengu warrior
  7661 | D:9      | Killed a tengu warrior
  7661 | D:9      | Reached XP level 11. HP: 5/84 MP: 3/10
  7927 | D:9      | Found a staircase to the Lair.
  8007 | D:10     | Entered Level 10 of the Dungeon
  8065 | D:10     | Noticed clown's ghost (novice HEGl)
  8080 | D:10     | Killed clown's ghost
  8601 | D:10     | You fall through a shaft for 3 floors!
  8602 | D:13     | Noticed a centaur warrior
  8626 | D:13     | Killed a centaur warrior
  8626 | D:13     | Reached skill level 10 in Dodging
  8735 | D:12     | Noticed an unseen horror
  8745 | D:12     | Killed an unseen horror
  8773 | D:12     | Received a gift from Trog
  8867 | D:12     | Noticed a hill giant
  8889 | D:12     | Killed a hill giant
  9056 | D:12     | Noticed a phantasmal warrior
  9059 | D:12     | Slain by a freezing wraith

Vault maps used:
D:1:      arrival_aquarium_b
D:2:      uniq_terence
D:3:      first_bread, ecumenical_altar_1, kennysheep_boxes
D:4:      nemelex_spade_bored_becter
D:5:      basic_altar, minmay_misc_feat_five
D:6:      serial_shops, nicolae_shop_crystal
D:7:      serial_corexii_hall, corexii_hall_statues_l, corexii_hall_statues_l
D:8:      hangedman_pestilent_swarm
D:9:      lair_0_dummy, hiddenorc1_lemuel
D:10:     grunt_ministairs_2, kennysheep_dice
D:12:     serial_shops, shop, shop_coins, shop, nrook_uturn,
          hangedman_abyss_or_decor_lesser_grid, uniq_snorg
D:13:     grunt_vaults_entry_fortified, minmay_misc_feat_rows, fedhas_altar_1,
          uniq_nessos
Temple:   kilobyte_greek_temple

Skill      XL: |  1  2  3  4  5  6  7  8  9 10 11 |
---------------+----------------------------------+-----
Fighting       | 4 |  4.2
Axes           | 4 5 6 7 9 11 13 16 | 16.1
Armour         | 7 |  7.9
Dodging        | 7 11 | 11.7

Action                   |  1- 3 |  4- 6 |  7- 9 | 10-12 || total
-------------------------+-------+-------+-------+-------++-------
Melee: Hand axe          |    59 |   120 |   402 |   222 ||   803
       Headbutt          |    15 |    20 |    81 |    75 ||   191
       Battleaxe         |       |       |       |   144 ||   144
       Executioner's axe |       |       |       |    14 ||    14
Invok: Berserk           |       |     2 |     5 |     7 ||    14
       Trog's Hand       |       |     1 |     9 |    10 ||    20
  Use: Scroll            |       |       |       |     5 ||     5
  Eat: Chunk             |       |     7 |    18 |    17 ||    42
       Pizza             |       |       |     1 |       ||     1
       Beef jerky        |       |       |     1 |       ||     1
       Royal jelly       |       |       |       |     2 ||     2
Armor: Animal skin       |    10 |     2 |       |       ||    12
       Scale mail        |       |    30 |    20 |       ||    50
       Ring mail         |       |       |    20 |       ||    20
       Leather armour    |       |       |    76 |    35 ||   111
       Robe              |       |       |       |    70 ||    70
Dodge: Dodged            |    41 |    53 |   181 |   216 ||   491
